 Dungeon Crawl Stone Soup version 0.29-a0-270-g1586fc07ea (webtiles) character file.

Game seed: 16140125981147622329

55 jmlagarto the Insei (level 3, -10/26 HPs)
             Began as a Merfolk Transmuter on Mar 7, 2022.
             Mangled by a worm (11 damage)
             ... on level 2 of the Dungeon.
             The game lasted 00:10:01 (1036 turns).

jmlagarto the Insei (Merfolk Transmuter)            Turns: 1036, Time: 00:10:02

Health: -10/26     AC:  2    Str: 10    XL:     3   Next: 93%
Magic:  5/6        EV: 13    Int: 14    God:
Gold:   85         SH:  0    Dex: 14    Spells: 3/6 levels left

rFire   . . .      SeeInvis .     - Unarmed
rCold   . . .      Faith    .   (no shield)
rNeg    . . .      Spirit   .   a - +0 robe
rPois   .          Reflect  .   (helmet currently unavailable)
rElec   .          Harm     .   (no cloak)
rCorr   .          Rampage  .   (no gloves)
Will    .....                   (boots currently unavailable)
Stlth   +.........              (no amulet)
HPRegen 0.08/turn               (no ring)
MPRegen 0.10/turn               (no ring)

@: appendages
A: horns 2, (nimble swimmer 2), mertail
a: End Transformation


You were on level 2 of the Dungeon.
You had temporarily grown beastly horns.
You visited 1 branch of the dungeon, and saw 2 of its levels.

You collected 85 gold pieces.

Inventory:

Armour
 a - a +0 robe (worn)
Scrolls
 c - a scroll of summoning {unknown}
 d - a scroll of vulnerability {unknown}
 e - a scroll of torment {unknown}
 g - a scroll of immolation {unknown}
 i - a scroll of enchant armour {unknown}
Potions
 b - a potion of lignification
 h - a potion of curing {unknown}


   Skills:
 + Level 1.2 Fighting
 + Level 3.0 Dodging
 + Level 4.4 Unarmed Combat
 + Level 2.4 Spellcasting
 + Level 3.2 Transmutations


You had 3 spell levels left.
You knew the following spells:

 Your Spells              Type           Power      Damage    Failure   Level
a - Beastly Appendage     Tmut           20%        N/A       6%          1
b - Wereblood             Tmut           10%        N/A       10%         2

Your spell library contained the following spells:

 Spells                   Type           Power      Damage    Failure   Level
 Spider Form              Tmut/Pois      6%         N/A       34%         3
 Ice Form                 Ice/Tmut       6%         N/A       75%         4


Dungeon Overview and Level Annotations

Branches:
Dungeon (2/15)

Altars:

Shops:
D:2 !


Innate Abilities, Weirdness & Mutations

You have temporarily grown beastly horns.
((You are very nimble when in or above water. (Stealth+, EV+, Speed+++)))
Your lower body shifts to a powerful aquatic tail in water.


Message History

The adder is lightly wounded.
You feel sick. The adder barely misses you.
You barely miss the adder. Your headbutt misses the adder.
The adder is lightly wounded.
You feel sick. The adder misses you.
You hit the adder. Your headbutt misses the adder.
The adder is moderately wounded.
You feel sick. The adder bites you. The adder closely misses you.
You closely miss the adder. Your punch misses the adder.
The adder is moderately wounded.
You feel sick.
You are no longer poisoned.
The adder barely misses you.
You closely miss the adder. You headbutt the adder.
The adder is severely wounded.
The adder bites you.
You closely miss the adder.
The adder is severely wounded.
The adder misses you.
You hit the adder.
You kill the adder!
You barely miss the quokka.
The quokka is severely wounded.
The quokka bites you.
You hit the quokka but do no damage. You headbutt the quokka.
You kill the quokka!
Casting: Beastly Appendage (safe; 6% risk of failure)
Confirm with . or Enter, or press ? or * to list all spells.
Okay, then.
Casting: Beastly Appendage (safe; 6% risk of failure)
Confirm with . or Enter, or press ? or * to list all spells.
You extend your transformation's duration.
The worm bites you!
* * * LOW HITPOINT WARNING * * *
You hit the worm. Your headbutt misses the worm.
The worm is lightly wounded.
You hit the worm but do no damage. Your headbutt misses the worm.
The worm is lightly wounded.
The worm bites you!
You die...

#.#.# #.##..♣ .P..
#.#.# #.##..♣♣...P
#.#.#####.##.....P.PP
##.#.†..)..##...♣♣♣.P♣
#....########....♣P.♣
###.................♣
....<..#............#
#..#...#.##....##...#
#. #.∩...##...Jw@...#
# #.....##....##...#
#...>.##....###..#
##+##.##..†.# #..#
.##...w# #.>#
######†###### #....#
#†....... #........


You could see a worm and an endoplasm.

Vanquished Creatures
  2 adders (D:2)
  2 dart slugs (D:1)
  2 ball pythons (D:1)
  3 bats
  An endoplasm (D:1)
  5 goblins (D:1)
  4 hobgoblins
  2 jackals (D:2)
  3 quokkas
  4 kobolds
  3 rats (D:1)
31 creatures vanquished.

Vanquished Creatures (others)
  A plant (D:2)
1 creature vanquished.

Grand Total: 32 creatures vanquished

Notes
Turn   | Place    | Note
-------+----------+-------------------------------------------
     0 | D:1      | jmlagarto the Merfolk Transmuter began the quest for the
                  | Orb.
     0 | D:1      | Reached XP level 1. HP: 15/15 MP: 3/3
   165 | D:1      | Reached XP level 2. HP: 18/21 MP: 5/5
   335 | D:1      | Reached skill level 4 in Unarmed Combat
   649 | D:1      | Reached XP level 3. HP: 26/26 MP: 4/6
   745 | D:1      | Learned a level 2 spell: Wereblood
   857 | D:2      | Found Geunus's Distillery.
  1034 | D:2      | HP: 1/26 [worm (8)]
  1036 | D:2      | Mangled by a worm

Illustrated notes

Levels and vault maps discovered:
D:1:      moated_graveyard_arrival, layout_basic
D:2:      layout_basic, serial_shops, shop,
          shapermc_ecumenical_altar_notcrosses, serial_forest,
          infiniplex_forest_lined_room_2, infiniplex_forest_clump_small,
          infiniplex_forest_lined_2, infiniplex_forest_3_way,
          infiniplex_forest_lined_2, infiniplex_forest_straight_2,
          infiniplex_forest_straight_5, infiniplex_forest_lined_room_2,
          wad_floor_pattern_2, uniq_crazy_yiuf_cottage, uniq_robin

Skill      XL: |  1  2  3 |
---------------+----------+-----
Unarmed Combat | 4 |  4.4
Transmutations | 3 |  3.2
Dodging        | 3 |  3.0
Fighting       | |  1.2
Spellcasting   | |  2.4

Action                   || total
-------------------------++-------
Melee: Unarmed           ||   107
       Headbutt          ||    13
       Punch             ||     1
 Cast: Beastly Appendage ||    18
       Wereblood         ||     1
  Use: Scroll            ||     3
       Potion            ||     1
 Stab: Sleeping          ||     2
       Distracted        ||     1
Armor: Robe              ||    20
Dodge: Dodged            ||    78

Table legend: (Time is in decaauts)
 A = Elapsed time spent in this place.
 B = Non-inter-level travel time spent in this place.
 C = Inter-level travel time spent in this place.
 D = Time resting spent in this place.
 E = Time spent auto-exploring this place.
 F = Levels seen in this place.
 G = Mean time per level.
                   A        B        C        D        E       F      G
               +--------+--------+--------+--------+--------+-----+--------+
         Total |   1024 |   1011 |     13 |      0 |    753 |   2 |  512.0 |
       Dungeon |   1024 |   1011 |     13 |      0 |    753 |   2 |  512.0 |
               +--------+--------+--------+--------+--------+-----+--------+

Top non-repeatable levels by time:
     D:1: 847 daAuts
     D:2: 176 daAuts
